 Dungeon Crawl Stone Soup version 0.31.0-32-g396128a36d (webtiles) character file.

Game seed: 9458392106583780768

18 lonewolfV2 the Shield-Bearer (level 2, -1/25 HPs)
             Began as a Formicid Fighter on Mar 11, 2024.
             Slain by a gnoll
             ... wielding a +0 spear of venom
              (6 damage)
             ... on level 2 of the Dungeon.
             The game lasted 00:01:50 (498 turns).

lonewolfV2 the Shield-Bearer (Formicid Fighter)      Turns: 498, Time: 00:01:52

Health: -1/25      AC:  6    Str: 20    XL:     2   Next: 90%
Magic:  2/2        EV:  9    Int:  7    God:
Gold:   56         SH:  0    Dex: 13    Spells: 1/1 levels left

rFire   . . .        a - +0 war axe
rCold   . . .        c - +0 buckler
rNeg    . . .        b - +0 scale mail
rPois   .            (helmet unavailable)
rElec   .            (no cloak)
rCorr   .            (no gloves)
SInv    +            (no boots)
Will    .....        (no amulet) Stlth
                     (no ring)
HPRegen 0.24/turn    (no ring)
MPRegen 0.08/turn

%: no passive effects
@: confused, mighty, lethally poisoned (-1 -> -15), ambrosia-drunk
A: permanent stasis, dig shafts and tunnels, antennae 3, four strong arms
a: Dig, Shaft Self


You were on level 2 of the Dungeon.
You visited 1 branch of the dungeon, and saw 2 of its levels.

You collected 56 gold pieces.

Inventory:

Hand Weapons
 a - a +0 war axe (weapon)
Armour
 b - a +0 scale mail (worn)
 c - a +0 buckler (worn)
Scrolls
 k - a scroll of fog
Potions
 g - a potion of curing {unknown}
 h - 2 potions of enlightenment
 i - a potion of mutation {unknown}
 l - a potion of degeneration {unknown}


   Skills:
 + Level 3.6 Fighting
 * Level 2.8 Axes
 - Level 3.2 Armour
 - Level 4.0 Shields


You had one spell level left.
You didn't know any spells.
Your spell library contained the following spells:

 Spells                   Type           Power      Damage    Failure   Level
 Sting                    Conj/Alch      0%         1d3       86%         1
 Ignite Poison            Fire/Alch      0%         N/A       100%        4
 Petrify                  Alch/Erth      0%         N/A       100%        4
 Yara's Violent Unravell  Hex/Alch       0%         3d3       100%        5
 Starburst                Conj/Fire      0%         6d3       100%        6
 Fire Storm               Conj/Fire      0%         5d1       100%        9


Dungeon Overview and Level Annotations

Branches:
Dungeon (2/15)

Altars:

Shops:
D:1 (


Innate Abilities, Weirdness & Mutations

You cannot be hasted, slowed, berserked, paralysed or teleported.
You can dig through walls and to a lower floor.
You have a pair of large antennae on your head. (SInv)
Your four strong arms can wield two-handed weapons with a shield.


Message History

The bat hits you but does no damage.
You closely miss the bat. The bat hits you but does no damage.
The bat closely misses you.
You barely miss the bat. The bat hits you. You block the bat's attack.
You closely miss the bat. You block the bat's attack.
You slash the bat!
You kill the bat!
No target in view!
No target in view!
A gnoll comes into view. It is wielding a +0 whip.
The gnoll shouts!
You hear a shout! 2 gnolls and a quokka come into view.
A gnoll is wielding a +0 spear of venom.
Found 6 stones.
Found an escape hatch in the floor.
Found a stone staircase leading down.
A giant cockroach comes into view.
The gnoll barely misses you.
The gnoll moves out of view.
The gnoll hits you from afar with a +0 spear of venom.
You are poisoned.
The gnoll closely misses you. The gnoll hits you but does no damage.
You slash the gnoll!
The gnoll is almost dead.
You feel very sick.
The gnoll hits you from afar with a +0 spear of venom.
You are lethally poisoned!
The gnoll barely misses you.
A giant cockroach comes into view.
You feel very mighty all of a sudden.
You feel very sick. The gnoll closely misses you.
The gnoll hits you from afar with a +0 halberd.
* * * LOW HITPOINT WARNING * * *
The gnoll barely misses you. The quokka closely misses you.
It was a potion of ambrosia.
You are confused.
You feel invigorated.
* * * LOW HITPOINT WARNING * * *
You feel very sick.
The gnoll hits you from afar with a +0 spear of venom.
You die...

..... .... .#..#.#.#
. ..B..#.# .>
#....#.# #
#.##..(.#.# .#
#.....gg#.#####.#
.####.$r##†......#
.....Bg@........#####
#####...#####........
#.......<..#####.
#.#.#####.## #....
#.# ..... ... ##....
.... { .###. ####..
...


You could see 3 gnolls, a quokka and 2 giant cockroaches.

Vanquished Creatures
  4 bats
  3 endoplasms (D:1)
  2 giant cockroaches (D:1)
  3 hobgoblins (D:1)
  2 frilled lizards (D:1)
  2 goblins (D:1)
  A rat (D:1)
17 creatures vanquished.

Notes
Turn   | Place    | Note
-------+----------+-------------------------------------------
     0 | D:1      | lonewolfV2 the Formicid Fighter began the quest for the
                  | Orb.
     0 | D:1      | Reached XP level 1. HP: 18/18 MP: 1/1
    77 | D:1      | Got Sif Muna's Opusculum on the Arsenical Bonfire
   106 | D:1      | Reached XP level 2. HP: 24/24 MP: 2/2
   134 | D:1      | Found Ymor's Weapon Emporium.
   206 | D:1      | Got the Guide on the Inferno
   498 | D:2      | Slain by a gnoll

Illustrated notes

Levels and vault maps discovered:
D:1:      dpeg_arrival_tiny_g, layout_rooms, serial_shops, shop
D:2:      layout_loops_ring, serial_glass, glass_columns_a, glass_columns_a

Action                     || total
---------------------------++-------
  Melee: War axe           ||    41
    Use: Scroll            ||     4
         Potion            ||     2
 Armour: Scale mail        ||    30
  Dodge: Dodged            ||    38
  Block: Buckler           ||    17
